cohdb
Replays
Latest Replays
All Replays
Popular Replays
Top Player Replays
Match Explorer
How It Works
Community
CoH3 Stats
Reddit
Sign in to upload your games and track your stats! →
Sign in with Steam
Match 40498475
Unlisted
Match 40498475
Overview
Messages
Build Orders
End
Panzergrenadier Squad
250 Light Carrier
Selects Armored Support Battlegroup
Panzergrenadier Squad
Construct Light Support Kompanie
MG34 Team
Fire Support Elements
Veteran Squad Leaders
2.5-tonne Medical Truck
Assault Mechanized Group
Construct Panzerarmee Kommand
Selects Salvage Kits
Selects Veteran Gunners
Selects Panzer Storm
Panzer III L Medium Tank
Tungsten Core Ammunition
Advanced Field Repairs
Emergency Repair Kits
Jamoro
rlclemares
『BlackBear』
Moji_1978
0
0
Comments
sign in to comment!
No comments posted yet!